AoeStats
← Cavernabrole

Arabia

509061927Analyzed
1v1 RM · 6d ago on Sep 25, 2026· 29m 51s· 2 players
Game mode
Random Map
Map size
Tiny (2 player)
Population
200
Speed
Normal
Resources
Standard
Victory
Conquest
Starting age
Dark Age
Ending age
Imperial Age
RankedLock teamsTeams togetherTeam positionsShared explorationLock speedFull tech treeHidden civsTurbo modeCheats
Victory
Defeat
🇦🇷 Saxons · Argentina
1339
+16
🇫🇷 Danes · France
1329
-16
Cavernabrole
7:24 Loom
9:53 Feudal Age
10:24 Double-Bit Axe
10:28 Man-at-Arms
12:53 Scale Mail Armor
15:14 Horse Collar
18:32 Fletching
18:43 Padded Archer Armor
20:43 Forging
28:30 Castle Age
FernecitoBranca
7:35 Loom
9:40 Feudal Age
10:12 Double-Bit Axe
9:59 Man-at-Arms
12:43 Arson
18:19 Forging
18:28 Horse Collar
19:27 Scale Mail Armor
23:39 Castle Age
24:33 Squires
27:50 Long Swordsman
30:46 Chain Mail Armor
Connection lost

Rejoining the realm…

Still unreachable

The connection could not be restored.

Session expired

The server has moved on; the page needs a fresh start.